 Dungeon Crawl Stone Soup version 0.30-a0-956-gcec3b41aec (webtiles) character file.

Game seed: 6164240974614920027

5457 jasper the Thaumaturge (level 10, 0/83 HPs)
             Began as a Demigod Air Elementalist on Mar 29, 2023.
             Slain by an orc warrior
             ... wielding a +0 mace
              (10 damage)
             ... on level 9 of the Dungeon.
             The game lasted 00:18:34 (10421 turns).

jasper the Thaumaturge (Demigod Air Elementalist)  Turns: 10421, Time: 00:18:34

Health: 0/83       AC:  6    Str:  9    XL:     10   Next: 18%
Magic:  18/26      EV: 14    Int: 29    God:
Gold:   557        SH:  0    Dex: 14    Spells: 5/25 levels left

rFire   . . .      SeeInvis .    f - +12 broad axe "Rummage" {flame, rC+}
rCold   + . .      Faith    .    (no shield)
rNeg    + . .      Spirit   .    i - +2 robe {rN+}
rPois   .          Reflect  .    (no helmet)
rElec   .          Rampage  .    q - +0 cloak {Will+}
rCorr   .                        (no gloves)
Will    ++...                    d - +0 pair of boots
Stlth   ++                       (no amulet)
HPRegen 0.33/turn                (no ring)
MPRegen 0.20/turn                (no ring)

@: no status effects
A: high MP 1, forlorn, divine attributes, screaming 1
a: no special abilities


You were on level 9 of the Dungeon.
You visited 1 branch of the dungeon, and saw 9 of its levels.
You also visited: Ossuary.

You collected 557 gold pieces.

Inventory:

Hand Weapons
 c - a +0 dagger
 f - the +12 broad axe "Rummage" (weapon) {flame, rC+}
   (You acquired it on level 3 of the Dungeon)

   rC:        It protects you from cold.
 n - the +1 sling "Leagg" {elec, Contam Dex+7}
   (You found it on level 2 of the Dungeon)

   Dex:       It affects your dexterity (+7).
   Contam:    It causes magical contamination when unequipped.
 r - a +4 quarterstaff of chaos
 t - the +9 long sword "Bafieh" {protect, MP+9 Str+3}
   (You found it on level 8 of the Dungeon)

   Str:       It affects your strength (+3).
   MP:        It affects your magic capacity (+9).
 v - a +1 hand axe of venom
Missiles
 g - 18 boomerangs
Armour
 a - a +0 robe
 d - a +0 pair of boots (worn)
 i - a +2 robe of positive energy (worn)
 q - a +0 cloak of willpower (worn)
Jewellery
 w - a ring of fire
Wands
 p - a wand of roots (34)
 H - a wand of polymorph (7)
Scrolls
 k - a scroll of immolation
 m - a scroll of blinking
 o - 3 scrolls of teleportation
 y - a scroll of fog
 E - a scroll of magic mapping
 F - 2 scrolls of enchant weapon
 G - a scroll of fear
 I - 3 scrolls of identify
 J - 2 scrolls of amnesia
 K - a scroll of enchant armour {unknown}
Potions
 b - a potion of magic
 e - a potion of degeneration
 h - 4 potions of mutation
 j - 3 potions of attraction
 l - 5 potions of might
 s - a potion of resistance
 u - 4 potions of lignification
 x - 3 potions of brilliance
 z - a potion of berserk rage
 A - 6 potions of curing
 B - a potion of cancellation
 C - a potion of haste {unknown}
 D - 2 potions of invisibility {unknown}


   Skills:
 - Level 5.7 Fighting
 - Level 6.1 Dodging
 - Level 1.7 Stealth
 - Level 8.4 Spellcasting
 - Level 4.9 Conjurations
 + Level 2.0 Ice Magic
 - Level 5.7 Air Magic


You had 5 spell levels left.
You knew the following spells:

 Your Spells              Type           Power      Damage    Failure   Level
a - Shock                 Conj/Air       100%       1d9       1%          1
b - Passwall              Tmut/Erth      10%        N/A       7%          2
c - Borgnjor's Vile Clut  Necr/Erth      6%         N/A       77%         5
d - Airstrike             Air            22%        2d(4-20)  4%          4
e - Freezing Cloud        Conj/Ice/Air   18%        6-21      22%         5
f - Ozocubu's Armour      Ice            24%        N/A       6%          3

Your spell library contained the following spells:

 Spells                   Type           Power      Damage    Failure   Level
 Freeze                   Ice            96%        1d10      1%          1
 Kiss of Death            Conj/Necr      100%       2d13      1%          1
 Static Discharge         Conj/Air       86%        2-6/arc   1%          2
 Swiftness                Air            45%        N/A       1%          3
 Apportation              Tloc           24%        N/A       4%          1
 Necrotise                Necr           48%        1d6       4%          1
 Sandblast                Erth           24%        2d8       4%          1
 Summon Small Mammal      Summ           48%        N/A       4%          1
 Dazzling Flash           Conj/Hex       52%        N/A       4%          3
 Stone Arrow              Conj/Erth      52%        3d10      4%          3
 Confusing Touch          Hex            12%        N/A       13%         3
 Silence                  Hex/Air        14%        N/A       36%         5
 Dispel Undead            Necr           12%        3d9       41%         4
 Metabolic Englaciation   Hex/Ice        9%         N/A       63%         5
 Agony                    Necr           12%        N/A       77%         5
 Simulacrum               Ice/Necr       9%         N/A       99%         6
 Lehudib's Crystal Spear  Conj/Erth      13%        10d4      100%        8


Dungeon Overview and Level Annotations

Branches:
Dungeon (9/15)             Temple (0/1) D:6            Lair (0/5) D:8
Ossuary (visited)
    Orc: D:9-12

Annotations:
D:7 3 runed translucent doors, TheSexyCheese's ghost, novice DEFE


Innate Abilities, Weirdness & Mutations

You have an increased reservoir of magic. (+10% MP)
You shall have no god before yourself.
Your divine heritage dramatically boosts your attributes as you level up.
You occasionally shout uncontrollably at your foes.


Message History

The sling bullet completely misses you.
You take 2 damage, and have 39/82 hp.
You feel sick.
The wight is engulfed in freezing vapours.
The wight hits you with a +2 halberd!
Your magical contamination has completely faded away.
You take 8 damage, and have 31/82 hp.
You barely miss the wight.
The wight is heavily damaged.
You hit the orc warrior. You burn the orc warrior. You hit the orc priest.
You burn the orc priest.
You feel sick.
You are no longer poisoned.
The wight is engulfed in freezing vapours.
The wight closely misses you.
The orc priest hits you but does no damage.
The orc warrior unwields a +0 sling.
The orc warrior wields a +0 mace.
The orc warrior hits you with a +0 mace.
The orc priest hits you with a +0 club.
* * * LOW HITPOINT WARNING * * *
The wight is engulfed in freezing vapours.
The wight misses you.
You take 7 damage, and have 24/82 hp.
You slash the wight! You burn the wight.
You destroy the wight!
You hit the orc warrior. You burn the orc warrior.
You closely miss the orc priest.
The orc warrior hits you with a +0 mace.
* * * LOW HITPOINT WARNING * * *
The orc priest barely misses you. The orc warrior misses you.
Your life force feels restored.
Your Ice Magic skill increases to level 2!
You take 4 damage, and have 20/83 hp.
You completely miss the orc warrior.
The orc warrior is heavily wounded.
You barely miss the orc priest.
The orc priest mumbles some strange prayers to Beogh against you.
Beogh smites you!
* * * LOW HITPOINT WARNING * * *
The orc warrior hits you with a +0 mace!
You die...

###....#. ####......#.
####........###
##..........#...
##...........#...
#########...........##...
#..............#####..###
#................# ...
#.....))@o.#....... ..##
#.###..o○°..#.......##.
#..○°°..........
#..§)°..........
...............
.#####........ .
......... .......##


You could see an orc warrior and an orc priest.

Vanquished Creatures
  Pikel (D:5)
  Grinder (D:6)
  Prince Ribbit (D:7)
  2 wyverns (D:9)
  4 yaks (D:9)
  A steam dragon (D:8)
  2 water moccasins (D:7)
  2 black bears (D:5)
  An orc warrior (D:6)
  An ice beast (D:7)
  2 ogres (D:5)
  2 centaurs
  2 lemures (D:5)
  Blork the orc (D:5)
  2 bullfrogs
  A kobold brigand (D:7)
  A water moccasin zombie (Ossuary)
  2 scorpions
  4 wights
  20 killer bees
  3 howler monkeys
  A bullfrog zombie (Ossuary)
  2 centaur zombies (Ossuary)
  5 jellies
  4 hounds
  Crazy Yiuf (D:2)
  2 orc priests (D:4)
  4 iguanas (D:5)
  A scorpion zombie (Ossuary)
  2 orc wizards (D:9)
  Terence (D:3)
  An ogre zombie (Ossuary)
  12 gnolls
  8 adders
  2 shadow imps (D:5)
  A white imp (D:6)
  4 adder zombies (Ossuary)
  2 worms
  5 dart slugs
  33 orcs
  5 endoplasms
  3 giant cockroaches
  6 goblins
  7 hobgoblins
  8 jackals (D:1)
  9 kobolds
  3 quokkas
  4 ball pythons
  12 bats
  4 frilled lizards
  A goblin zombie (Ossuary)
  5 hobgoblin zombies (Ossuary)
  4 orc zombies (Ossuary)
  3 rats
  A rat zombie (D:7)
222 creatures vanquished.

Vanquished Creatures (others)
  A howler monkey (D:8)
  2 fungi (D:7)
  2 plants (D:7)
5 creatures vanquished.

Grand Total: 227 creatures vanquished

Notes
Turn   | Place    | Note
-------+----------+-------------------------------------------
     0 | D:1      | jasper the Demigod Air Elementalist began the quest for the
                  | Orb.
     0 | D:1      | Reached XP level 1. HP: 14/14 MP: 5/5
    69 | D:1      | Reached skill level 1 in Conjurations
   258 | D:1      | Reached skill level 2 in Spellcasting
   262 | D:1      | Reached XP level 2. HP: 13/20 MP: 1/7
   907 | D:1      | Reached XP level 3. HP: 26/26 MP: 7/9
   910 | D:1      | Learned a level 2 spell: Passwall
   914 | D:1      | Learned a level 3 spell: Stone Arrow
  2181 | D:2      | Found a runed translucent door.
  2182 | D:2      | Noticed Crazy Yiuf
  2357 | D:2      | Identified the +1 sling "Leagg" {elec, Contam Dex+7}
  2448 | D:2      | Reached XP level 4. HP: 33/33 MP: 6/10
  2683 | D:2      | Killed Crazy Yiuf
  2924 | D:3      | Reached skill level 3 in Spellcasting
  2931 | D:3      | Reached XP level 5. HP: 38/38 MP: 12/12
  2941 | D:3      | Learned a level 4 spell: Airstrike
  3043 | D:3      | Noticed Terence
  3045 | D:3      | Killed Terence
  3655 | D:3      | Identified a scroll of acquirement
  3655 | D:3      | Acquired the +12 broad axe "Rummage" {flame, rC+}
  3665 | D:3      | Gained mutation: You occasionally shout uncontrollably at
                  | your foes. [mutagenic glow]
  3854 | D:4      | Reached XP level 6. HP: 9/46 MP: 10/14
  4081 | D:4      | Acquired the Tome of Heavy Firn
  4177 | D:4      | Reached skill level 1 in Fighting
  4878 | D:5      | Entered Level 5 of the Dungeon
  5060 | D:5      | Reached skill level 4 in Spellcasting
  5069 | D:5      | Reached XP level 7. HP: 34/53 MP: 16/16
  5629 | D:5      | Noticed Blork the orc
  5638 | D:5      | Killed Blork the orc
  5644 | D:5      | Noticed Pikel
  5665 | D:5      | Killed Pikel
  5666 | D:5      | Reached skill level 5 in Spellcasting
  5666 | D:5      | Reached skill level 5 in Air Magic
  5666 | D:5      | Reached XP level 8. HP: 45/63 MP: 10/19
  6325 | D:6      | Noticed Grinder
  6329 | D:6      | Killed Grinder
  6330 | D:6      | Reached skill level 6 in Spellcasting
  6394 | D:6      | Learned a level 5 spell: Freezing Cloud
  6925 | D:6      | Found a staircase to the Ecumenical Temple.
  7046 | D:6      | Learned a level 5 spell: Borgnjor's Vile Clutch
  7073 | D:7      | Reached XP level 9. HP: 71/71 MP: 14/22
  7551 | D:7      | Found a sand-covered staircase.
  7634 | Ossuary  | Entered an ossuary
  7922 | Ossuary  | Reached skill level 5 in Dodging
  7922 | Ossuary  | Reached skill level 7 in Spellcasting
  8380 | D:7      | Noticed Prince Ribbit
  8391 | D:7      | Killed Prince Ribbit
  8552 | D:7      | Found a runed translucent gate.
  8552 | D:7      | Found a runed translucent gate.
  8552 | D:7      | Found a runed translucent gate.
  8593 | D:7      | Noticed TheSexyCheese's ghost (novice DEFE)
  8984 | D:8      | Identified the +9 long sword "Bafieh" {protect, MP+9 Str+3}
  8999 | D:8      | Reached skill level 5 in Fighting
  9392 | D:8      | Found a staircase to the Lair.
  9943 | D:9      | Reached skill level 8 in Spellcasting
 10236 | D:9      | Reached XP level 10. HP: 81/81 MP: 18/26
 10291 | D:9      | Learned a level 3 spell: Ozocubu's Armour
 10414 | D:9      | Reached skill level 1 in Ice Magic
 10421 | D:9      | Slain by an orc warrior

Illustrated notes

Levels and vault maps discovered:
D:1:      dpeg_arrival_court, layout_loops_corners, grunt_decor_clamped
D:2:      layout_loops_ring, kennysheep_pointless_box, uniq_crazy_yiuf_cottage
D:3:      layout_loops_ring, uniq_terence
D:4:      layout_basic, nicolae_overflow_hidden_temple, nrook_loot_triangle
D:5:      layout_rooms, minmay_circle_x, uniq_blork_the_orc, uniq_pikel
D:6:      layout_basic, mainiacjoe_overflow_tiny_flanked, temple_hall_moat,
          uniq_grinder
D:7:      layout_basic, gammafunk_ghost_nasty_kobolds, enter_ossuary_3,
          uniq_prince_ribbit1
D:8:      hellmonk_crumbling_castle, layout_loops_ring
D:9:      layout_layer_cave, nicolae_overflow_crystal_walls, nicolae_titane

Skill      XL: |  1  2  3  4  5  6  7  8  9 10 |
---------------+-------------------------------+-----
Conjurations   | 1 2 3 4 |  4.9
Spellcasting   | 2 3 4 5 6 8 |  8.4
Air Magic      | 3 4 5 |  5.7
Dodging        | 2 3 4 5 6 |  6.1
Fighting       | 1 3 5 |  5.7
Ice Magic      | 2 |  2.0
Stealth        | |  1.7

Action                     |  1- 3 |  4- 6 |  7- 9 | 10-12 || total
---------------------------+-------+-------+-------+-------++-------
  Melee: Unarmed           |     5 |       |       |       ||     5
         Punch             |     1 |       |     1 |       ||     2
         Broad axe         |       |    26 |    95 |    15 ||   136
   Fire: Sling             |     9 |    62 |       |       ||    71
   Cast: Shock             |   101 |    51 |   132 |    13 ||   297
         Stone Arrow       |     1 |       |       |       ||     1
         Airstrike         |       |       |    33 |     2 ||    35
         Freezing Cloud    |       |       |     1 |     1 ||     2
  Evoke: Wand              |       |     1 |     3 |       ||     4
    Use: Scroll            |     3 |    12 |     8 |       ||    23
         Potion            |       |       |     1 |       ||     1
   Stab: Sleeping          |       |     1 |       |       ||     1
 Armour: Robe              |     6 |    18 |    59 |     7 ||    90
  Dodge: Dodged            |    38 |    60 |   166 |    24 ||   288

Table legend: (Time is in decaauts)
 A = Elapsed time spent in this place.
 B = Non-inter-level travel time spent in this place.
 C = Inter-level travel time spent in this place.
 D = Time resting spent in this place.
 E = Time spent auto-exploring this place.
 F = Levels seen in this place.
 G = Mean time per level.
                   A        B        C        D        E       F      G
               +--------+--------+--------+--------+--------+-----+--------+
         Total |  10528 |   9938 |    590 |    919 |   7320 |  10 | 1052.8 |
       Dungeon |  10122 |   9532 |    590 |    824 |   7211 |   9 | 1124.7 |
       Ossuary |    406 |    406 |      0 |     95 |    109 |   1 |  406.0 |
               +--------+--------+--------+--------+--------+-----+--------+

Top non-repeatable levels by time:
     D:1: 1761 daAuts
     D:6: 1350 daAuts
     D:4: 1142 daAuts
     D:7: 1121 daAuts
     D:5: 1037 daAuts
     D:2: 1009 daAuts
     D:3: 1001 daAuts
     D:8: 976 daAuts
     D:9: 721 daAuts
 Ossuary: 406 daAuts
